 Dungeon Crawl Stone Soup version 0.28.0-47-ge53b351184 (webtiles) character file.

Game seed: 5875429223318295472

0 GraveError the Firebug (level 1, -1/10 HPs)
             Began as a Tengu Fire Elementalist on Apr 26, 2022.
             Slain by an adder (4 damage)
             ... on level 2 of the Dungeon.
             The game lasted 00:00:36 (92 turns).

GraveError the Firebug (Tengu Fire Elementalist)      Turns: 92, Time: 00:00:38

Health: -1/10      AC:  2    Str:  8    XL:     1   Next: 0%
Magic:  0/4        EV: 12    Int: 15    God:
Gold:   0          SH:  0    Dex: 14    Spells: 3/4 levels left

rFire   . . .      SeeInvis .   (no weapon)
rCold   . . .      Faith    .   (no shield)
rNeg    . . .      Spirit   .   a - +0 robe
rPois   .          Reflect  .   (helmet restricted)
rElec   .          Harm     .   (no cloak)
rCorr   .          Rampage  .   (no gloves)
Will    .....                   (boots unavailable)
Stlth   ++........              (no amulet)
HPRegen 0.03/turn               (no ring)
MPRegen 0.09/turn               (no ring)

@: lethally poisoned (-1 -> -5)
A: beak, talons 3
a: no special abilities


You were on level 2 of the Dungeon.
You visited 1 branch of the dungeon, and saw 2 of its levels.

Inventory:

Armour
 a - a +0 robe (worn)


   Skills:
 + Level 2.1 Dodging
 + Level 2.0 Stealth
 + Level 2.0 Spellcasting
 + Level 1.3 Conjurations
 + Level 3.2 Fire Magic


You had 3 spell levels left.
You knew the following spells:

 Your Spells              Type           Power      Damage    Failure   Level
a - Foxfire               Conj/Fire      32%        2x1d5     9%          1

Your spell library contained the following spells:

 Spells                   Type           Power      Damage    Failure   Level
 Scorch                   Fire           22%        2d6       9%          2
 Conjure Flame            Conj/Fire      8%         6-21      26%         3
 Inner Flame              Hex/Fire       6%         N/A       34%         3
 Flame Wave               Conj/Fire      8%         2d5       65%         4


Dungeon Overview and Level Annotations

Branches:
Dungeon (1/15)

Altars:


Innate Abilities, Weirdness & Mutations

You have a beak for a mouth.
You have claws for feet.


Message History

Found a stone staircase leading down.
A sourceless malevolence fills the Dungeon...
You fall into a shaft and drop 1 floor!
The shaft crumbles and collapses.
An adder comes into view.
Found 2 scrolls labelled ESEPAJ KUPTE and a scroll labelled JYSIFENTOH.
Found a stone staircase leading down.
Found 20 stones.
You see here a scroll labelled ESEPAJ KUPTE.
A rat comes into view.
You conjure some foxfire!
The foxfire hits the rat.
The rat is severely wounded.
The foxfire hits the rat but does no damage.
The rat is severely wounded.
You conjure some foxfire!
The adder hisses angrily.
Your foxfire dissipates!
A dart slug comes into view.
The foxfire hits the adder but does no damage.
You conjure some foxfire!
The rat bites you but does no damage.
The foxfire hits the adder.
The adder is lightly wounded.
You hit the rat but do no damage. Your kick misses the rat.
The rat is severely wounded.
The foxfire hits the rat but does no damage.
The rat is severely wounded.
The rat barely misses you. The adder bites you.
You are poisoned.
The adder poisons you!
Found a fuming ruby potion.
You feel sick. The rat closely misses you.
You conjure some foxfire!
You feel sick. The rat barely misses you. The adder bites you.
* * * LOW HITPOINT WARNING * * *
You feel sick.
The foxfire hits the rat.
You kill the rat!
The foxfire hits the adder.
The adder is heavily wounded.
The adder bites you.
You die...

.... ... ... .##
#.###... ###..?..###
...####.........#
.!.....§§.......#
#.@....?..#
#S†.......#
####.........#
..........?.....#
#####.#>........#
.........##.......#
...##.........#######
......(......###
w.......^...##


You could see an adder.

Vanquished Creatures
  A rat (D:2)
1 creature vanquished.

Vanquished Creatures (others)
  6 foxfires (D:2)
6 creatures vanquished.

Grand Total: 7 creatures vanquished

Notes
Turn   | Place    | Note
-------+----------+-------------------------------------------
     0 | D:1      | GraveError the Tengu Fire Elementalist began the quest for
                  | the Orb.
     0 | D:1      | Reached XP level 1. HP: 10/10 MP: 4/4
    72 | D:1      | You fall into a shaft and drop 1 floor!
    92 | D:2      | Slain by an adder

Illustrated notes

Levels and vault maps discovered:
D:1:      sevenhm_arrival_forest_fort_large_2, layout_rooms,
          nicolae_ecumenical_snake_handling
D:2:      layout_rooms

Action                   || total
-------------------------++-------
Melee: Unarmed           ||     1
 Cast: Foxfire           ||     4
Armor: Robe              ||     1
Dodge: Dodged            ||     3
